 Dungeon Crawl Stone Soup version 0.32-a0-876-gcfddb08e57 (webtiles) character file.

Game seed: 13307739334353243034

103 Autsider the Digger (level 4, -1/24 HPs)
             Began as a Gargoyle Earth Elementalist on Mar 31, 2024.
             Slain by a gnoll bouda
             ... wielding a +0 whip
              (2 damage)
             ... on level 4 of the Dungeon.
             The game lasted 00:05:58 (2442 turns).

Autsider the Digger (Gargoyle Earth Elementalist)   Turns: 2442, Time: 00:05:58

Health: -1/24      AC:  5    Str: 11    XL:     4   Next: 79%
Magic:  6/8        EV: 11    Int: 18    God:
Gold:   114        SH:  0    Dex: 10    Spells: 4/8 levels left

rFire   . . .        c - +1 short sword (vamp)
rCold   . . .        (no shield)
rNeg    + . .        a - +0 robe
rPois   ∞            (no helmet)
rElec   +            (no cloak)
rCorr   .            (no gloves)
SInv    .            (no boots)
Will    .....        (no amulet)
Stlth   ++           (no ring)
HPRegen 0.24/turn    (no ring)
MPRegen 0.11/turn

%: no passive effects
@: no status effects
A: sickness immunity, AC +3, negative energy resistance 1, electricity
resistance, torment resistance 1, petrification resistance
a: no special abilities


You were on level 4 of the Dungeon.
You visited 1 branch of the dungeon, and saw 4 of its levels.

You collected 114 gold pieces.

Inventory:

Hand Weapons
 c - a +1 vampiric short sword (weapon)
 d - a +2 dagger of speed
Armour
 a - a +0 robe (worn)
Scrolls
 e - a scroll of acquirement {unknown}
 f - a scroll of blinking {unknown}
 g - a scroll of teleportation {unknown}
 j - a scroll of poison {unknown}
 k - a scroll of revelation {unknown}
 l - 2 scrolls of identify {unknown}
 m - 2 scrolls of torment {unknown}
Potions
 b - a potion of magic
 h - 2 potions of might {unknown}
 i - 2 potions of curing {unknown}


   Skills:
 - Level 1.5 Dodging
 - Level 2.1 Stealth
 + Level 2.7 Spellcasting
 + Level 2.5 Conjurations
 * Level 5.3 Earth Magic


You had 4 spell levels left.
You knew the following spells:

 Your Spells              Type           Power      Damage    Failure   Level
a - Sandblast             Erth           42%        2d11      1%          1
b - Stone Arrow           Conj/Erth      32%        3d9       10%         3

Your spell library contained the following spells:

 Spells                   Type           Power      Damage    Failure   Level
 Passwall                 Erth           21%        N/A       6%          3
 Sting                    Conj/Alch      24%        1d4       10%         1
 Apportation              Tloc           4%         N/A       17%         1
 Necrotise                Necr           8%         1d4       17%         1
 Summon Small Mammal      Summ           8%         N/A       17%         1
 Call Imp                 Summ           4%         N/A       26%         2
 Brom's Barrelling Bould  Conj/Erth      16%        2d4       32%         4
 Petrify                  Alch/Erth      12%        N/A       50%         4
 Summon Hydra             Summ           1%         N/A       100%        7
 Sublimation of Blood     Necr           Unusable   N/A       N/A         2

Dungeon Overview and Level Annotations

Branches:
Dungeon (4/15)
 Temple: D:4-7

Altars:
Xom

Annotations:
D:3 1 runed translucent door, Konar's ghost, amateur CoHu
D:4 Dowan; Duvessa


Innate Abilities, Weirdness & Mutations

You are immune to sickness and miasma.
Your stone body is resilient. (AC +3)
You are immune to poison.
You resist negative energy. (rN+)
You are resistant to electric shocks. (rElec)
You are resistant to unholy torment.
You are immune to petrification.


Message History

Moving in this stuff is going to be slow.
Konar's ghost turns its malevolent gaze towards you.
Could not explore, unopened runed door.
Konar's ghost ripples.
There is a stone staircase leading down here.
You climb downwards.
There is a stone staircase leading up here.
There are monsters nearby!
The kobold shouts!
Duvessa shouts!
The gnoll shouts!
The gnoll bouda shouts!
The gnoll hits you but does no damage. The gnoll closely misses you.
You climb upwards.
Level annotation: 1 runed translucent door, Konar's ghost, amateur CoHu
There is a stone staircase leading down here.
Casting: Sandblast (safe; 1% risk of failure)
Confirm with . or Enter, or press ? or * to list all spells.
Aiming: Sandblast (safe; 1% risk of failure)
Press: ? - help, Shift-Dir - straight line, f - gnoll
Aim: a gnoll, wielding a +0 spear (85% to hit)
The blast of sand hits the gnoll.
The gnoll is moderately wounded.
The gnoll hits you but does no damage.
Casting: Sandblast (safe; 1% risk of failure)
Confirm with . or Enter, or press ? or * to list all spells.
Aiming: Sandblast (safe; 1% risk of failure)
Press: ? - help, Shift-Dir - straight line, f/p - gnoll
Aim: a gnoll, wielding a +0 spear (moderately wounded, 85% to hit)
The blast of sand hits the gnoll!
You kill the gnoll!
You climb downwards.
Level annotation: Dowan; Duvessa Duvessa hits you with a +0 rapier!
The kobold hits you but does no damage. The gnoll hits you but does no damage.
There is a stone staircase leading up here.
The gnoll misses you. Dowan barely misses you.
Duvessa hits you with a +0 rapier!
* * * LOW HITPOINT WARNING * * *
The gnoll hits you with a +0 club.
* * * LOW HITPOINT WARNING * * *
The gnoll bouda hits you with a +0 whip.
You die...

## .## ##
..## ##.♣...
# # ..... .#
#.♣.g.♣..#
#...gg...#
#..e@e..#
........K..#
.....♣...♣.#
.... ..... #
### ##.♣.##
## ##


You could see Duvessa, Dowan, a gnoll bouda, 2 gnolls and a kobold.

Vanquished Creatures
  A gnoll (D:3)
  3 adders (D:2)
  2 dart slugs
  5 endoplasms
  2 giant cockroaches
  8 goblins
  6 hobgoblins
  2 quokkas
  10 ball pythons
  4 bats
  8 frilled lizards
  6 kobolds
  4 rats
61 creatures vanquished.

Notes
Turn   | Place    | Note
-------+----------+-------------------------------------------
     0 | D:1      | Autsider the Gargoyle Earth Elementalist began the quest
                  | for the Orb.
     0 | D:1      | Reached XP level 1. HP: 10/10 MP: 3/3
   224 | D:1      | Reached skill level 4 in Earth Magic
   224 | D:1      | Reached XP level 2. HP: 15/15 MP: 0/5
   986 | D:2      | Reached XP level 3. HP: 19/19 MP: 3/6
  1369 | D:2      | Reached XP level 4. HP: 24/24 MP: 5/7
  1562 | D:2      | Reached skill level 5 in Earth Magic
  1719 | D:2      | Learned a level 3 spell: Stone Arrow
  1865 | D:3      | Found a runed translucent door.
  1865 | D:3      | Noticed Konar's ghost (amateur CoHu)
  1960 | D:3      | Found a shimmering altar of Xom.
  2435 | D:4      | Noticed Duvessa
  2435 | D:4      | Noticed Dowan
  2442 | D:4      | HP: 1/24 [gnoll/+0 club[a gnoll bouda] (6)]
  2442 | D:4      | Slain by a gnoll bouda

Illustrated notes

Levels and vault maps discovered:
D:1:      wheals_arrival_linesprint, layout_basic
D:2:      layout_loops_corners, kennysheep_generic_room_13
D:3:      layout_basic, mainiacjoe_overflow_boulevard, serial_rivers,
          chequers_serial_rivers_micro_e, chequers_serial_rivers_micro_b,
          chequers_serial_rivers_room_b, chequers_serial_rivers_micro_a,
          hellmonk_ghost_happy_afterlife
D:4:      layout_basic, vehumet_altar_wand_db, serial_bayou_pond_c,
          grunt_ministairs_2, minmay_statues_item, uniq_duvessa

Skill      XL: |  1  2  3  4 |
---------------+-------------+-----
Earth Magic    | 4 5 |  5.3
Conjurations   | 2 |  2.5
Dodging        | |  1.5
Stealth        | |  2.1
Spellcasting   | |  2.7

Action                     |  1- 3 |  4- 6 || total
---------------------------+-------+-------++-------
  Melee: Short sword       |    74 |    29 ||   103
   Cast: Sandblast         |    24 |    22 ||    46
Ability: Begin Untransform |       |     1 ||     1
   Stab: Sleeping          |     2 |     1 ||     3
 Armour: Robe              |    52 |    33 ||    85
  Dodge: Dodged            |    42 |    28 ||    70
   Form: Beast             |     1 |       ||     1

Table legend: (Time is in decaauts)
 A = Elapsed time spent in this place.
 B = Non-inter-level travel time spent in this place.
 C = Inter-level travel time spent in this place.
 D = Time resting spent in this place.
 E = Time spent auto-exploring this place.
 F = Levels seen in this place.
 G = Mean time per level.
                   A        B        C        D        E       F      G
               +--------+--------+--------+--------+--------+-----+--------+
         Total |   2468 |   2341 |    127 |      0 |   1954 |   4 |  617.0 |
       Dungeon |   2468 |   2341 |    127 |      0 |   1954 |   4 |  617.0 |
               +--------+--------+--------+--------+--------+-----+--------+

Top non-repeatable levels by time:
     D:1: 974 daAuts
     D:2: 864 daAuts
     D:3: 626 daAuts
     D:4: 3 daAuts
